[Event "Team 45 45 League T37"]
[Site "Internet Chess Club"]
[Date "2008.05.13"]
[Round "3"]
[White "sra66"]
[Black "OOB1"]
[Result "1-0"]
[WhiteElo "1556"]
[BlackElo "1530"]
[Opening "QGD: Chigorin defense"]
[ECO "D07"]
[Time "20:43:41"]
[TimeControl "2700+45"]

1. d4 d5 2. c4 Nc6 3. cxd5 Qxd5 4. Nf3 Bg4 5. Nc3 Qd6 6. d5 Bxf3 7. exf3 Ne5 8.
Bf4 Nxf3+ 9. Qxf3 e5 10. Bb5+ c6 11. dxc6 O-O-O 12. cxb7+ Kc7 13. Rd1 Qb6 14.
Bxe5+ {Black resigns} 1-0

[Event "Team 45 45 League T37"]
[Site "Internet Chess Club"]
[Date "2008.05.11"]
[Round "3"]
[White "gotcha"]
[Black "houseofcook"]
[Result "1-0"]
[WhiteElo "1429"]
[BlackElo "1407"]
[Opening "Queen's bishop game"]
[ECO "D02"]
[Time "09:32:22"]
[TimeControl "2700+45"]

1. d4 d5 2. Nf3 Nf6 3. Bf4 e6 4. e3 c5 5. c3 Nc6 6. Bb5 Bd6 7. Ne5 Bxe5 8. Bxe5
Bd7 9. Bd6 cxd4 10. cxd4 Ne7 11. Nc3 O-O 12. Bg3 a6 13. Ba4 Nc6 14. Rc1 Rc8 15.
O-O Na5 16. Bc2 Nc4 17. b3 Nb6 18. Qd3 Na8 19. Bh4 g6 20. e4 dxe4 21. Nxe4 Bb5
22. Nxf6+ Kg7 23. Qg3 Qxd4 24. Nh5+ Kg8 25. Bf6 Qd5 26. Nf4 Qd2 27. Qg5 Nc7 28.
Rfd1 Qa5 29. a4 Bc6 30. Qxa5 {Black resigns} 1-0

[Event "Team 45 45 League T37"]
[Site "Internet Chess Club"]
[Date "2008.05.10"]
[Round "3"]
[White "Rubacchus"]
[Black "Mfalme"]
[Result "0-1"]
[WhiteElo "1348"]
[BlackElo "1385"]
[Opening "QGA: 3.e4"]
[ECO "D20"]
[Time "11:00:23"]
[TimeControl "2700+45"]

1. d4 d5 2. c4 dxc4 3. e4 e6 4. Bxc4 Nc6 5. Nf3 Bb4+ 6. Nc3 Nf6 7. Qd3 O-O 8.
O-O Na5 9. a3 Nxc4 10. axb4 Nb6 11. e5 Nfd5 12. Ng5 g6 13. Nce4 Nxb4 14. Qh3 h5
15. g4 Kg7 16. gxh5 Rh8 17. h6+ Rxh6 18. Qf3 Qe7 19. Nxf7 Rh5 20. Neg5 N4d5 21.
Kh1 Bd7 22. Rg1 Bc6 23. Nxe6+ Qxe6 24. Qxh5 Nf4+ 25. d5 Bxd5+ 26. f3 Nxh5 27.
Ng5 Qxe5 28. Rf1 a6 29. Ra3 Rf8 30. Re3 Qxg5 31. Rg1 Qf6 32. Rc3 Bxf3+ 33. Rg2
Bxg2+ 34. Kxg2 c6 35. h4 Qf2+ 36. Kh3 Qf1+ 37. Kg4 Qg2+ 38. Rg3 Qxg3# {White
checkmated} 0-1

[Event "Team 45 45 League T37"]
[Site "Internet Chess Club"]
[Date "2008.05.10"]
[Round "3"]
[White "jacknor"]
[Black "macdre"]
[Result "0-1"]
[WhiteElo "1636"]
[BlackElo "1911"]
[Opening "Sicilian: Grand Prix attack"]
[ECO "B23"]
[Time "13:02:45"]
[TimeControl "2700+45"]

1. e4 c5 2. Nc3 Nc6 3. f4 g6 4. Nf3 Bg7 5. Bb5 Nd4 6. O-O Nxb5 7. Nxb5 a6 8. Nc3
e6 9. d3 Ne7 10. Qe1 Nc6 11. a3 d6 12. Rb1 O-O 13. e5 d5 14. Ne2 b5 15. Be3 Qe7
16. d4 c4 17. c3 a5 18. Bf2 b4 19. Bh4 f6 20. Qg3 bxa3 21. bxa3 Qxa3 22. Qh3 a4
23. Bxf6 Bxf6 24. exf6 Rxf6 25. Ng5 Qe7 26. Qh4 Rf8 27. Qe1 a3 28. Nf3 Na5 29.
Qd2 Nb3 30. Qa2 Bd7 31. Nd2 Ba4 32. Nc1 Rfb8 33. Rf2 Nxc1 34. Rxc1 Rb2 35. Qa1
Rab8 36. Nb1 Rxf2 37. Kxf2 Rb2+ 38. Kg1 Qh4 39. Qxa3 Qf2+ {White resigns} 0-1

[Event "Team 45 45 League T37"]
[Site "Internet Chess Club"]
[Date "2008.05.09"]
[Round "3"]
[White "wango"]
[Black "badmove"]
[Result "1-0"]
[WhiteElo "1583"]
[BlackElo "1617"]
[Opening "Réti opening"]
[ECO "A04"]
[Time "16:09:34"]
[TimeControl "2700+45"]

1. Nf3 d6 2. d4 Nf6 3. g3 g6 4. Bg2 Bg7 5. O-O Nbd7 6. b4 O-O 7. Bb2 Re8 8. c4
c6 9. Qc2 e5 10. dxe5 dxe5 11. Nc3 Qc7 12. Rad1 Nb6 13. c5 Nbd5 14. Nxd5 cxd5
15. Bxe5 Rxe5 16. Nxe5 Qxe5 17. Rd2 Be6 18. Rfd1 Bh8 19. b5 Bf5 20. Qc1 Be4 21.
Bxe4 Qxe4 22. c6 bxc6 23. bxc6 Ng4 24. Rxd5 Qxe2 25. Rd8+ Rxd8 26. Rxd8+ Kg7 27.
Qc3+ Kh6 28. Qd2+ Qxd2 29. Rxd2 Ne5 30. c7 Nf3+ 31. Kg2 Nxd2 32. c8=Q Bf6 33.
Qc1 Bg5 34. f4 Bxf4 35. gxf4 Ne4 36. f5+ Kg7 37. Qb2+ f6 38. Qb7+ {Black
resigns} 1-0

[Event "Team 45 45 League T37"]
[Site "Internet Chess Club"]
[Date "2008.05.11"]
[Round "3"]
[White "quotha"]
[Black "MrCdawg"]
[Result "1-0"]
[WhiteElo "1552"]
[BlackElo "1389"]
[Opening "Queen's pawn: Chigorin variation"]
[ECO "D00"]
[Time "15:02:39"]
[TimeControl "2700+45"]

1. d4 d5 2. Nc3 Nf6 3. h3 g6 4. Nf3 Bg7 5. Bf4 O-O 6. e3 c5 7. dxc5 Qa5 8. Qd2
Qxc5 9. Bd3 e6 10. O-O b6 11. Nb5 Ne8 12. b4 Qe7 13. Rab1 Ba6 14. Bxb8 Rxb8 15.
Nfd4 Nd6 16. Nc6 Qc7 17. Nxc7 {Black resigns} 1-0

[Event "Team 45 45 League T37"]
[Site "Internet Chess Club"]
[Date "2008.05.10"]
[Round "3"]
[White "PeteyDaddy"]
[Black "john-beebs"]
[Result "0-1"]
[WhiteElo "1165"]
[BlackElo "1546"]
[Opening "Réti opening"]
[ECO "A05"]
[Time "08:58:01"]
[TimeControl "2700+45"]

1. Nf3 Nf6 2. g3 Nc6 3. Bg2 e5 4. d3 d5 5. O-O Be7 6. Nbd2 Be6 7. e4 d4 8. b3
Qd7 9. Nc4 Bg4 10. Qd2 Qe6 11. Qg5 Nh5 12. Qd2 h6 13. h3 Bxh3 14. Bxh3 Qxh3 15.
Ncxe5 Nxe5 16. Nxe5 Nxg3 17. fxg3 Qxg3+ 18. Qg2 Qxe5 19. Rf5 Qe6 20. Qxg7 O-O-O
21. Qxf7 Rhg8+ 22. Kf1 Qg6 23. Qxg6 Rxg6 24. Bb2 Rdg8 25. Bxd4 Rg2 26. c4 Rh2
27. Rf2 Rh3 28. Ke2 Rgg3 29. Rd1 h5 30. Bxa7 b6 31. d4 Re3+ 32. Kd2 Rc3 33. e5
Bb4 34. d5 Rxc4+ 35. Ke2 Re4+ 36. Kf1 Rxe5 37. Rc1 Rh1+ {White resigns} 0-1

[Event "Team 45 45 League T37"]
[Site "Internet Chess Club"]
[Date "2008.05.10"]
[Round "3"]
[White "nursey"]
[Black "BigH"]
[Result "0-1"]
[WhiteElo "1686"]
[BlackElo "1668"]
[Opening "QGD Slav: Dutch variation"]
[ECO "D18"]
[Time "03:57:18"]
[TimeControl "2700+45"]

1. d4 d5 2. c4 c6 3. Nf3 Nf6 4. Nc3 dxc4 5. a4 Bf5 6. e3 e6 7. Bxc4 Be7 8. Qb3
Qc7 9. O-O O-O 10. Ne5 Nbd7 11. Nxd7 Qxd7 12. Bd2 Ne4 13. Nxe4 Bxe4 14. Bc3 Bd5
15. Bxd5 cxd5 16. Rac1 Rac8 17. Rfe1 Rc4 18. Qb5 Qxb5 19. axb5 Rfc8 20. Ra1 Ra8
21. b6 a6 22. Kf1 Rac8 23. Rec1 Bd8 24. Ke2 Bxb6 25. Kd3 Bd8 26. b3 R4c6 27. Bb2
Rxc1 28. Rxc1 Rxc1 29. Bxc1 Be7 30. Kc3 b5 31. Bb2 b4+ 32. Kd3 f5 33. h3 h5 34.
f3 Kf7 35. g3 Bd6 36. f4 h4 37. gxh4 Kg6 38. Bc1 Kh5 39. Ke2 Kxh4 40. Kf3 Kxh3
41. Bd2 Kh4 42. Be1+ Kh5 43. Kg3 a5 44. Kf3 Kg6 45. Ke2 Be7 46. Kf3 Kf7 47. Ke2
Ke8 48. Kd3 Kd7 49. Kc2 Kc6 50. Bd2 Kb5 51. Be1 a4 52. Kb2 g5 53. fxg5 Bxg5 54.
Bd2 a3+ 55. Ka2 Be7 56. Bc1 Kc6 57. Bd2 Kd7 58. Be1 Bd6 59. Bd2 Ke7 60. Be1 Kf6
61. Bh4+ Kg6 62. Bd8 Kh5 63. Bf6 Kg4 64. Bg7 Kf3 65. Bh6 f4 66. exf4 Bxf4 67.
Bf8 Bd2 68. Bc5 Ke4 69. Bb6 Bc3 70. Bc5 e5 71. dxe5 Kxe5 72. Be3 d4 {White
resigns} 0-1

[Event "Team 45 45 League T37"]
[Site "Internet Chess Club"]
[Date "2008.05.10"]
[Round "3"]
[White "shakkiipe"]
[Black "rayonline53"]
[Result "1-0"]
[WhiteElo "1733"]
[BlackElo "1603"]
[Opening "Budapest: Rubinstein variation"]
[ECO "A52"]
[Time "10:57:33"]
[TimeControl "2700+45"]

1. d4 Nf6 2. c4 e5 3. dxe5 Ng4 4. Bf4 Nc6 5. Nf3 Bc5 6. e3 Qe7 7. Nc3 O-O 8. Nd5
Bb4+ 9. Nd2 Qc5 10. Qxg4 Bxd2+ 11. Kxd2 Qa5+ 12. Ke2 d6 13. Nf6+ Kh8 14. Qh4
gxf6 15. Qxf6+ Kg8 16. Bh6 Qxe5 17. Qxe5 Nxe5 18. Bxf8 Kxf8 19. b3 Bf5 20. Rd1
Re8 21. f3 Nc6 22. e4 Bg6 23. Kf2 f5 24. exf5 Bxf5 25. Bd3 Bxd3 26. Rxd3 Ne5 27.
Re3 Kf7 28. Rhe1 Re7 29. h3 Kf6 30. f4 Nc6 31. Rxe7 Nxe7 32. Rxe7 Kxe7 33. Ke3
c6 34. Kd4 Kf6 35. g4 Ke6 36. h4 Kf6 37. b4 Ke6 38. a4 Kf6 39. b5 Ke6 40. h5 Kf6
41. a5 Ke6 42. f5+ Kf6 43. a6 {Black resigns} 1-0

[Event "Team 45 45 League T37"]
[Site "Internet Chess Club"]
[Date "2008.05.08"]
[Round "3"]
[White "sdcohle"]
[Black "NXS"]
[Result "1-0"]
[WhiteElo "1414"]
[BlackElo "1401"]
[Opening "QGD Slav: 3.Nf3"]
[ECO "D11"]
[Time "23:30:45"]
[TimeControl "2700+45"]

1. d4 d5 2. c4 c6 3. Nf3 Bf5 4. b3 Nf6 5. Nc3 e6 6. g3 Bb4 7. Bd2 Qa5 8. Qc1
Nbd7 9. Na4 dxc4 10. Bxb4 Qxb4+ 11. Nd2 b5 12. a3 Qd6 13. Nc3 cxb3 14. Nxb3 O-O
15. Bg2 Rac8 16. O-O Qc7 17. Qb2 Nd5 18. Rac1 a6 19. e4 Nxc3 20. Rxc3 Bg4 21. e5
Qb6 22. Rfc1 Nb8 23. Nc5 Rfd8 24. Qd2 a5 25. Rb1 Bf5 26. Rb2 Na6 27. Qe3 Nxc5
28. Rxc5 b4 29. axb4 axb4 30. Qd2 b3 31. Qe3 Qb4 32. Rxb3 Qxd4 33. Qxd4 Rxd4 34.
Bxc6 Be4 35. Bxe4 Rcd8 36. Bf3 g6 37. Rbc3 Rd1+ 38. Bxd1 {Black resigns} 1-0

[Event "Team 45 45 League T37"]
[Site "Internet Chess Club"]
[Date "2008.05.10"]
[Round "3"]
[White "martineden"]
[Black "Gregorio"]
[Result "1-0"]
[WhiteElo "2030"]
[BlackElo "2088"]
[Opening "Catalan opening"]
[ECO "E00"]
[Time "10:21:24"]
[TimeControl "2700+45"]

1. d4 Nf6 2. c4 e6 3. g3 d5 4. Nf3 Bb4+ 5. Bd2 Bxd2+ 6. Qxd2 O-O 7. Bg2 c6 8.
O-O Nbd7 9. Nc3 c5 10. cxd5 exd5 11. Rfd1 c4 12. Ne5 Nb6 13. a4 a5 14. Qc2 Ng4
15. Nf3 g6 16. h3 Bf5 17. e4 dxe4 18. hxg4 exf3 19. gxf5 fxg2 20. Kxg2 Nd5 21.
Qe4 Nf6 22. Qf4 Kg7 23. Rh1 h5 24. Rad1 Qd7 25. Qf3 Qxf5 26. Qxf5 gxf5 27. Ne2
Rad8 28. Nf4 Rfe8 29. Nxh5+ Nxh5 30. Rxh5 Kg6 31. g4 Re4 32. f3 Re2+ 33. Kg3
Rxb2 34. Rxf5 b6 35. d5 c3 36. Rc1 c2 37. Kf2 Rc8 38. Ke2 Rb1 39. Kd2 Rxc1 40.
Kxc1 f6 41. d6 Kf7 42. d7 Rd8 43. Rd5 Ke6 44. Rd3 Rxd7 45. Rxd7 Kxd7 46. Kxc2
Kd6 47. f4 Kc5 48. Kc3 Kd5 49. g5 Ke6 50. gxf6 Kxf6 51. Kc4 Kf5 52. Kb5 Kxf4 53.
Kxb6 Ke5 54. Kxa5 {Black resigns} 1-0

[Event "Team 45 45 League T37"]
[Site "Internet Chess Club"]
[Date "2008.05.12"]
[Round "3"]
[White "Ehab"]
[Black "mitus"]
[Result "0-1"]
[WhiteElo "1828"]
[BlackElo "1934"]
[Opening "Ruy Lopez: exchange variation, 5.O-O"]
[ECO "C68"]
[Time "16:01:17"]
[TimeControl "2700+45"]

1. e4 e5 2. Nf3 Nc6 3. Bb5 a6 4. Bxc6 dxc6 5. O-O Bg4 6. d3 Bc5 7. Be3 Bxe3 8.
fxe3 Qd7 9. Nbd2 f6 10. Qe1 O-O-O 11. Qg3 h5 12. h3 Be6 13. b3 g5 14. Nc4 g4 15.
Nfxe5 fxe5 16. Qxe5 Nh6 17. Rf6 Bxc4 18. bxc4 gxh3 19. Raf1 Ng4 20. Qg3 Nxf6 21.
Rxf6 hxg2 22. Qf4 Kb8 23. Rf7 Qc8 24. e5 Qh3 25. Qg5 Qh1+ 26. Kf2 {White
resigns} 0-1

[Event "Team 45 45 League T37"]
[Site "Internet Chess Club"]
[Date "2008.05.08"]
[Round "3"]
[White "Rainbird"]
[Black "miltools"]
[Result "0-1"]
[WhiteElo "1780"]
[BlackElo "1933"]
[Opening "English: symmetrical variation"]
[ECO "A30"]
[Time "20:59:04"]
[TimeControl "2700+45"]

1. c4 c5 2. g3 Nc6 3. Bg2 d6 4. Nc3 Nf6 5. a3 Bd7 6. b4 Qc8 7. d3 cxb4 8. axb4
Nxb4 9. Rb1 Nc6 10. Ba3 g6 11. Qb3 Rb8 12. Nb5 a6 13. Nc3 Bg7 14. e3 O-O 15. h4
b6 16. Nh3 Ne5 17. Nf4 Bc6 18. Ncd5 Nxd5 19. Nxd5 Re8 20. h5 e6 21. Nf4 Bxg2 22.
Nxg2 Qc6 23. e4 Nf3+ 24. Kd1 Nd4 25. Qa2 Qa4+ 26. Kd2 b5 27. Rb4 Qa5 28. Kd1
bxc4 29. Rxc4 Rb3 30. Rxd4 Rxa3 31. Qc4 Bxd4 32. Qxd4 Ra1+ {White resigns} 0-1

[Event "Team 45 45 League T37"]
[Site "Internet Chess Club"]
[Date "2008.05.17"]
[Round "3"]
[White "searchforbobby1"]
[Black "reinaroja"]
[Result "1/2-1/2"]
[WhiteElo "2160"]
[BlackElo "2186"]
[Opening "Sicilian: Alapin's variation (2.c3)"]
[ECO "B22"]
[Time "17:11:35"]
[TimeControl "2700+45"]

1. e4 c5 2. c3 d5 3. exd5 Qxd5 4. d4 Nf6 5. Nf3 Bg4 6. Be2 Nc6 7. h3 Bh5 8. c4
Qd6 9. d5 Bxf3 10. Bxf3 Nd4 11. Nc3 O-O-O 12. O-O e5 {Game drawn by mutual
agreement} 1/2-1/2

[Event "Team 45 45 League T37"]
[Site "Internet Chess Club"]
[Date "2008.05.09"]
[Round "3"]
[White "ChevalNoir"]
[Black "spacecadet"]
[Result "0-1"]
[WhiteElo "1996"]
[BlackElo "2204"]
[Opening "Budapest: Fajarowicz variation"]
[ECO "A51"]
[Time "15:34:01"]
[TimeControl "2700+45"]

1. d4 Nf6 2. c4 e5 3. dxe5 Ne4 4. a3 Nc6 5. Nf3 d6 6. Nbd2 Nxd2 7. Bxd2 dxe5 8.
Bc3 Qxd1+ 9. Rxd1 f6 10. e4 Be6 11. Bd3 O-O-O 12. Ke2 Bc5 13. b4 Bd4 14. Bxd4
Nxd4+ 15. Nxd4 Rxd4 16. c5 Rhd8 17. Bc2 Bc4+ 18. Ke1 Bd3 19. Bb1 Rxe4+ {White
resigns} 0-1

[Event "Team 45 45 League T37"]
[Site "Internet Chess Club"]
[Date "2008.05.09"]
[Round "3"]
[White "keisher415"]
[Black "Klampin"]
[Result "1-0"]
[WhiteElo "2075"]
[BlackElo "2001"]
[Opening "Caro-Kann: Panov-Botvinnik attack, 5...e6"]
[ECO "B14"]
[Time "14:06:46"]
[TimeControl "2700+45"]

1. e4 c6 2. d4 d5 3. exd5 cxd5 4. c4 Nf6 5. Nc3 e6 6. Nf3 Be7 7. Bd3 b6 8. cxd5
Nxd5 9. O-O Nc6 10. Qa4 Bb7 11. Ne5 Nb4 12. Bb5 Qc8 13. Nxc6 Bxc6 14. d5 exd5
15. Re1 Kd7 16. Rxe7+ Kxe7 17. Qxb4+ Kd7 18. Bf4 {Black resigns} 1-0

[Event "Team 45 45 League T37"]
[Site "Internet Chess Club"]
[Date "2008.05.11"]
[Round "3"]
[White "superbeast"]
[Black "Archdruid"]
[Result "1-0"]
[WhiteElo "1747"]
[BlackElo "1696"]
[Opening "English opening"]
[ECO "A13"]
[Time "19:30:40"]
[TimeControl "2700+45"]

1. c4 e6 2. g3 d5 3. Bg2 Nf6 4. Nf3 c5 5. cxd5 exd5 6. d4 Be7 7. O-O Nc6 8. dxc5
Bxc5 9. Bg5 Be7 10. Nc3 Be6 11. Nd4 O-O 12. Nxe6 fxe6 13. Bh3 Qd6 14. Nb5 Qd7
15. Nd4 Nxd4 16. Qxd4 Ne4 17. Bxe7 Qxe7 18. Rac1 Nd6 19. Rc2 Nb5 20. Qe5 Rf6 21.
e4 Rh6 22. Bg2 Rg6 23. exd5 Rg5 24. Qxe6+ Qxe6 25. dxe6 Nd4 26. Rc7 Nxe6 27.
Rxb7 Nd4 28. Rxg7+ Rxg7 29. Bxa8 Rc7 30. Bd5+ Kg7 31. Rd1 Nf5 32. b4 Ne7 33. a4
Nxd5 34. Rxd5 Rb7 35. b5 Kf6 36. f4 Ke6 37. Re5+ Kd6 38. Kf2 Rc7 39. Kf3 Rc4 40.
Re4 Rc7 41. f5 Rf7 42. Kf4 h6 43. g4 Kc5 44. h4 Kd5 45. g5 hxg5+ 46. hxg5 Rh7
47. Re5+ Kc4 48. f6 Kd4 49. Kf5 Rh1 50. Re4+ Kd5 51. f7 Rh8 52. g6 Rf8 53. Re8
{Black resigns} 1-0

[Event "Team 45 45 League T37"]
[Site "Internet Chess Club"]
[Date "2008.05.08"]
[Round "3"]
[White "PandorasBox"]
[Black "PrincessChess"]
[Result "1-0"]
[WhiteElo "2119"]
[BlackElo "1825"]
[Opening "Queen's pawn game"]
[ECO "A45"]
[Time "17:05:54"]
[TimeControl "2700+45"]

1. d4 Nf6 2. Nc3 e6 3. e4 Bb4 4. Bd3 d6 5. Bg5 h6 6. Bh4 e5 7. d5 c6 8. Ne2 cxd5
9. exd5 g5 10. Bg3 Nbd7 11. O-O Nh5 12. a3 Nxg3 13. fxg3 Bxc3 14. Nxc3 Qb6+ 15.
Kh1 Nc5 16. Qh5 Qc7 17. Nb5 Qe7 18. Rxf7 {Black resigns} 1-0

[Event "Team 45 45 League T37"]
[Site "Internet Chess Club"]
[Date "2008.05.10"]
[Round "3"]
[White "BIGGY"]
[Black "pishd"]
[Result "1-0"]
[WhiteElo "1812"]
[BlackElo "1732"]
[Opening "Dutch defense, Rubinstein variation"]
[ECO "A40"]
[Time "12:02:58"]
[TimeControl "2700+45"]

1. d4 e6 2. c4 f5 3. Nc3 Nf6 4. Bg5 Bb4 5. Qb3 c5 6. a3 Bxc3+ 7. Qxc3 cxd4 8.
Qxd4 O-O 9. Nf3 Nc6 10. Qd6 Ne4 11. Bxd8 Nxd6 12. c5 Ne4 13. Bc7 Nxc5 14. Bd6
Nb3 15. Rd1 Re8 16. Rd3 Nca5 17. Ne5 b6 18. Rc3 Nb7 19. Bb4 N3c5 20. e3 d6 21.
Bb5 Rf8 22. Nc4 Rd8 23. Bc6 Rb8 24. Ke2 d5 25. Ne5 Nd6 26. Bxc5 bxc5 27. Rc2
Ba6+ 28. Kf3 Ne4 29. Bd7 Rb6 30. Rd1 c4 31. a4 Nc5 32. Bb5 Bxb5 33. axb5 Ra8 34.
h3 Rxb5 35. Ra1 a5 36. Ra3 a4 37. Ke2 Rab8 38. Ra2 Kf8 39. g3 R8b6 40. f3 Ke7
41. g4 Kf6 42. f4 Rb3 43. g5+ Ke7 44. Kf2 Ne4+ 45. Ke2 c3 46. bxc3 Nxc3+ 47.
Rxc3 Rxc3 48. Rxa4 Rb2+ 49. Kf3 Rc7 50. Ra6 Rbc2 51. Ra8 Kd6 52. Ra6+ Ke7 53.
Ra8 Rc8 54. Ra7+ R2c7 55. Ra6 Rc3 56. Ra7+ R8c7 57. Ra4 R3c4 58. Nxc4 dxc4 59.
Ke2 Kd6 60. Kd2 Kd5 61. Ra5+ Rc5 62. Ra6 Rc6 63. Ra5+ Kd6 64. Kc3 h6 65. Ra7
hxg5 66. fxg5 Rc7 67. Rxc7 Kxc7 68. h4 Kd6 69. h5 Ke7 70. Kxc4 e5 71. Kd5 f4 72.
exf4 exf4 73. Ke4 f3 74. Kxf3 Kf7 75. Kf4 Kg8 76. Ke5 Kf7 77. Kf5 Kg8 78. Kg6
Kh8 79. Kf7 Kh7 80. h6 Kh8 81. hxg7+ {Black resigns} 1-0

[Event "Team 45 45 League T37"]
[Site "Internet Chess Club"]
[Date "2008.05.10"]
[Round "3"]
[White "Bill-W"]
[Black "OrangeKing"]
[Result "1/2-1/2"]
[WhiteElo "1692"]
[BlackElo "1733"]
[Opening "Scotch gambit: Benima defense"]
[ECO "C44"]
[Time "11:02:16"]
[TimeControl "2700+45"]

1. e4 e5 2. Nf3 Nc6 3. d4 exd4 4. Bc4 Be7 5. c3 d6 6. cxd4 Bg4 7. Be3 Nf6 8.
Nbd2 O-O 9. O-O d5 10. Bd3 dxe4 11. Nxe4 Bxf3 12. Nxf6+ Bxf6 13. Qxf3 Nxd4 14.
Qxb7 Nf3+ 15. Qxf3 Qxd3 16. Rfd1 Qc2 17. Rd2 Qc4 18. b3 Qa6 19. Rc1 Rad8 20.
Rdc2 Be5 21. Qc6 Rd6 22. Qxa6 Rxa6 23. Bc5 Rd8 24. Re1 Rc6 25. b4 Bd6 26. Rd2 a6
27. Bxd6 Rcxd6 28. Rxd6 cxd6 29. Kf1 Kf8 30. Re3 Rc8 31. a3 Rc2 32. g3 Rb2 33.
Kg2 a5 34. bxa5 Rb5 35. a4 Rxa5 36. Ra3 Ke7 37. Kf3 d5 38. Ke3 Kd6 39. Kd4 f6
40. f4 Kc6 41. f5 Kd6 42. g4 h6 43. Ra2 Kc6 44. Ra3 Kd6 {Game drawn by mutual
agreement} 1/2-1/2

[Event "Team 45 45 League T37"]
[Site "Internet Chess Club"]
[Date "2008.05.13"]
[Round "3"]
[White "CSCARChaplain"]
[Black "scottrugby"]
[Result "0-1"]
[WhiteElo "794"]
[BlackElo "1607"]
[Opening "Sicilian: accelerated fianchetto, modern variation"]
[ECO "B34"]
[Time "14:01:03"]
[TimeControl "2700+45"]

1. e4 c5 2. Nf3 g6 3. d4 cxd4 4. Nxd4 Nc6 5. Nc3 Nf6 6. Bc4 Bg7 7. O-O O-O 8.
Re1 d6 9. Bf4 Nxd4 10. Qxd4 e5 11. Bxe5 dxe5 12. Qxd8 Rxd8 13. Rad1 Bd7 14. Nd5
Nxd5 15. Bxd5 Bc6 16. Bxc6 bxc6 17. Kf1 Rd4 18. f3 Rad8 19. Ke2 c5 20. c3 Rxd1
21. Rxd1 Rxd1 22. Kxd1 Bf6 23. Kc2 Bd8 24. Kb3 Kg7 25. Kc4 Bb6 26. b4 cxb4 27.
cxb4 f5 28. a4 fxe4 29. fxe4 Kf7 30. Kd5 Kf6 31. a5 Bd4 32. Kc6 Kg5 33. Kb7 Kf4
34. b5 Kxe4 35. b6 axb6 36. axb6 Bxb6 37. Kxb6 Kd3 38. Kc6 e4 39. h4 e3 40. Kd7
e2 41. Ke6 e1=Q+ 42. Kf7 Qxh4 43. Kg7 g5 44. g4 Kd4 45. Kf6 Qh6+ 46. Kf5 Qg6#
{White checkmated} 0-1

[Event "Team 45 45 League T37"]
[Site "Internet Chess Club"]
[Date "2008.05.13"]
[Round "3"]
[White "andreip"]
[Black "fledermaus"]
[Result "1/2-1/2"]
[WhiteElo "2058"]
[BlackElo "2042"]
[Opening "Four knights: Italian variation"]
[ECO "C28"]
[Time "14:11:30"]
[TimeControl "2700+45"]

1. e4 Nf6 2. Nc3 e5 3. Bc4 Nc6 4. Nf3 Nxe4 5. Nxe4 d5 6. Bd3 dxe4 7. Bxe4 Bd6 8.
O-O O-O 9. c3 h6 10. d3 Be6 11. Re1 Qf6 12. h3 Rad8 13. Be3 a6 14. Qc2 Bf5 15.
Rad1 Bxe4 16. dxe4 Ne7 17. c4 Ng6 18. a3 Qe7 19. b4 c6 20. Bb6 Bc7 21. Bc5 Bd6
22. Bxd6 Rxd6 23. Rxd6 Qxd6 24. Rd1 Qe7 25. Qd3 Re8 26. g3 Nf8 27. Kg2 g5 28. c5
Kg7 29. Qc4 f6 30. Rd6 Rd8 31. Qd3 Re8 {Game drawn by mutual agreement} 1/2-1/2

[Event "Team 45 45 League T37"]
[Site "Internet Chess Club"]
[Date "2008.05.11"]
[Round "3"]
[White "Wheels"]
[Black "cityprosecutor"]
[Result "1/2-1/2"]
[WhiteElo "1839"]
[BlackElo "1768"]
[Opening "Sicilian: Grand Prix attack"]
[ECO "B23"]
[Time "21:01:40"]
[TimeControl "2700+45"]

1. e4 c5 2. Nc3 Nc6 3. f4 g6 4. Nf3 Bg7 5. Bb5 Nd4 6. O-O e6 7. d3 Ne7 8. e5
Nef5 9. Ba4 O-O 10. Ne4 d5 11. exd6 Nxd6 12. c3 Nxe4 13. dxe4 Nxf3+ 14. Qxf3 a6
15. Be3 Qc7 16. Rad1 b5 17. Bb3 Bb7 18. Rd2 Rad8 19. Rfd1 Rxd2 20. Rxd2 Rd8 21.
Bc2 Rxd2 22. Bxd2 Qd6 23. Qd3 Qxd3 24. Bxd3 c4 25. Bc2 Kf8 26. Kf2 Ke7 27. Be3
Kd7 28. g3 Kc6 29. Bd1 e5 30. Bf3 Kd7 31. Ke2 a5 32. Bb6 a4 33. a3 Bc6 34. Ke3
h5 35. Bc5 Kc7 36. Ke2 Kd7 37. Ke3 Kc7 38. Ke2 Kd7 39. Ke3 {Game drawn by
repetition} 1/2-1/2

[Event "Team 45 45 League T37"]
[Site "Internet Chess Club"]
[Date "2008.05.10"]
[Round "3"]
[White "gugamircea"]
[Black "cgrau"]
[Result "1-0"]
[WhiteElo "1724"]
[BlackElo "1702"]
[Opening "Scandinavian (center counter) defense"]
[ECO "B01"]
[Time "10:58:02"]
[TimeControl "2700+45"]

1. e4 d5 2. exd5 Qxd5 3. Nc3 Qa5 4. d4 c6 5. Bd2 Nf6 6. Nf3 Bf5 7. Bc4 e6 8. Qe2
Bb4 9. O-O-O Nbd7 10. Nh4 Bg4 11. f3 Bxc3 12. Bxc3 Qg5+ 13. Qd2 Qxh4 14. fxg4
Qxg4 15. h3 Qg3 16. Bd3 Nd5 17. Qe1 Qf4+ 18. Kb1 Nxc3+ 19. Qxc3 Qd6 20. d5 Qe5
21. dxc6 bxc6 22. Qxc6 Rb8 23. b3 Qc5 24. Be4 Qxc6 25. Bxc6 Rd8 26. Rxd7 {Black
resigns} 1-0

[Event "Team 45 45 League T37"]
[Site "Internet Chess Club"]
[Date "2008.05.11"]
[Round "3"]
[White "Grenadier"]
[Black "Victorianum"]
[Result "1/2-1/2"]
[WhiteElo "1682"]
[BlackElo "1708"]
[Opening "Robatsch (modern) defense"]
[ECO "B06"]
[Time "08:01:49"]
[TimeControl "2700+45"]

1. e4 g6 2. d4 c6 3. Nf3 d6 4. Bc4 Bg7 5. c3 d5 6. exd5 cxd5 7. Bb3 Bg4 8. h3
Bxf3 9. Qxf3 e6 10. O-O Nc6 11. Re1 Nge7 12. Bg5 O-O 13. Nd2 f6 14. Bh4 Nf5 15.
Bg3 Nxg3 16. Qxg3 e5 17. dxe5 fxe5 18. Qd3 Kh8 19. Qxd5 Qb6 20. Nf3 Rad8 21. Qe4
Rf4 22. Qe3 Qc7 23. Rad1 Rdf8 24. Re2 e4 25. Nd4 Nxd4 26. cxd4 Bh6 27. Qc3 Qb6
28. Qc5 Qxc5 29. dxc5 Rxf2 30. Rxf2 Be3 31. Rd7 Bxf2+ 32. Kh2 Bxc5 33. Rf7 Rxf7
34. Bxf7 b5 35. Bd5 e3 36. Bf3 a5 37. Kg3 Kg7 38. Kf4 Kf6 39. Ke4 Ke6 40. Be2
{Game drawn by mutual agreement} 1/2-1/2

[Event "Team 45 45 League T37 u"]
[Site "Internet Chess Club"]
[Date "2008.05.08"]
[Round "3"]
[White "RingLord"]
[Black "ErycC"]
[Result "1/2-1/2"]
[WhiteElo "1561"]
[BlackElo "1370"]
[Opening "French: advance, Paulsen attack"]
[ECO "C02"]
[Time "18:05:48"]
[TimeControl "2700+45"]

1. e4 e6 2. d4 d5 3. e5 c5 4. c3 Nc6 5. Nf3 cxd4 6. cxd4 Nge7 7. Bd3 Qb6 8. a3
Nf5 9. Bxf5 exf5 10. O-O Be6 11. Nc3 Be7 12. b4 f6 13. Re1 Kf7 14. exf6 Bxf6 15.
Ne5+ Nxe5 16. dxe5 Bh4 17. g3 Be7 18. Nxd5 Qc6 19. Nxe7 Kxe7 20. Bg5+ Kf7 21.
Rc1 Qe8 22. Qh5+ Kf8 23. Qh4 h6 24. Rc7 Bd5 25. Be7+ Kg8 26. Qd4 Be4 27. Qc4+
Kh7 28. Bd6 Qg6 29. Qf7 Qg4 30. h3 Qg5 31. e6 Rhg8 32. Bf4 Qg6 33. Qxg6+ Kxg6
34. g4 Bc6 35. e7 Rae8 36. Re6+ Kf7 37. gxf5 g6 38. Rxg6 Rxg6+ 39. fxg6+ Kxg6
40. Kf1 h5 41. h4 Kf5 42. Bg5 Ke6 43. b5 Bxb5+ 44. Ke1 Bc6 45. Kd2 Kd6 46. Bf4+
Ke6 47. Bg5 Kd6 48. Bf4+ Ke6 49. Kc3 Rxe7 50. Rxe7+ Kxe7 51. Kd4 Ke6 52. Bg5 a6
53. f4 Kf5 54. Bh6 Bf3 55. Kc5 Bc6 56. Kd6 Bf3 57. a4 Bc6 58. a5 Bf3 59. Ke7 Bc6
60. Kf7 Bf3 61. Kg7 Bc6 62. Bg5 Bf3 63. Kh6 Bg4 64. Kg7 Bf3 65. Kf7 Bg4 {Game
drawn by mutual agreement} 1/2-1/2